 Dungeon Crawl Stone Soup version 0.21-a0-78-g82a99e0 (webtiles) character file.

1679 Rrauwl the Basher (level 8, -8/75 HPs)
             Began as a Troll Monk on June 22, 2017.
             Was a Believer of Okawaru.
             Mangled by a hog (11 damage)
             ... on level 9 of the Dungeon.
             The game lasted 00:09:38 (3854 turns).

Rrauwl the Basher (Troll Monk)                      Turns: 3854, Time: 00:09:39

Health: -8/75      AC:  5    Str: 20    XL:     8   Next: 70%
Magic:  8/9        EV: 19    Int: 11    God:    Okawaru [**....]
Gold:   380        SH:  0    Dex: 19    Spells: 7/7 levels left

rFire    . . .     SeeInvis .   a - +2 whip (elec)
rCold    . . .     Gourm    +   (no shield)
rNeg     . . .     Faith    .   B - +0 robe
rPois    .         Spirit   .   (helmet restricted)
rElec    .         Reflect  .   u - scarf {repulsion}
rCorr    +         Harm     .   (gloves unavailable)
MR       .....                  (boots unavailable)
Stlth    +++.......             (no amulet)
HPRegen  0.62/turn              H - +3 ring of evasion
MPRegen  0.11/turn              G - ring of resist corrosion

@: brilliant, agile, repel missiles
A: unfitting armour, claws 3, fast metabolism 3, gourmand, regeneration 1,
shaggy fur 1, tough skin 2
a: Heroism, Renounce Religion


You were on level 9 of the Dungeon.
You worshipped Okawaru.
Okawaru was pleased with you.
You were completely stuffed.

You visited 2 branches of the dungeon, and saw 9 of its levels.

You collected 380 gold pieces.

Inventory:

Hand Weapons
 a - a +2 whip of electrocution (weapon)
 b - a cursed -3 giant spiked club
 c - a cursed -2 giant spiked club
Missiles
 A - 5 large rocks (quivered)
Armour
 u - a scarf of repulsion (worn)
 B - a +0 robe (worn)
Jewellery
 G - a ring of resist corrosion (right claw)
 H - a +3 ring of evasion (left claw)
Wands
 w - a wand of iceblast (7/15)
 D - a wand of confusion (42/48)
 I - a wand of paralysis (14/24)
Scrolls
 d - a scroll of fog {unknown}
 e - 2 scrolls of enchant weapon {unknown}
 g - 6 scrolls of identify
 j - 2 scrolls of immolation {unknown}
 m - 4 scrolls of remove curse {unknown}
 q - 6 scrolls of teleportation {unknown}
 r - a scroll of random uselessness {unknown}
 y - a scroll of enchant armour {unknown}
 C - a scroll of blinking {unknown}
 K - a scroll of fear {unknown}
Potions
 h - a potion of flight {unknown}
 i - 2 potions of heal wounds {unknown}
 k - a potion of cancellation {unknown}
 l - 3 potions of haste {unknown}
 n - a potion of curing {unknown}
 o - a potion of might {unknown}
 p - 2 potions of lignification {unknown}
 t - a potion of degeneration {unknown}
 z - a potion of ambrosia {unknown}
 F - 2 potions of brilliance
 M - a potion of resistance {unknown}
Books
 x - a book of Maledictions

   Spells                             Type                      Level
   a - Corona                         Hexes                        1
   b - Ensorcelled Hibernation        Hexes/Ice                    2
   c - Confuse                        Hexes                        3
   d - Tukima's Dance                 Hexes                        3
   e - Dazzling Spray                 Conjuration/Hexes            3
Comestibles
 f - 6 royal jellies
 s - 7 fruits
 v - a meat ration
 E - 4 bread rations
 L - 2 chunks of flesh


   Skills:
 - Level 3.0 Fighting
 + Level 9.7 Maces & Flails
 - Level 3.0 Dodging
 - Level 1.0 Stealth
 + Level 2.7 Invocations


You had 7 spell levels left.
You didn't know any spells.

Dungeon Overview and Level Annotations

Branches:
Dungeon (7/15)             Temple (1/1) D:7

Altars:
Ashenzari
Cheibriados
Dithmenos
Elyvilon
Fedhas
Gozag
Hepliaklqana
Kikubaaqudgha
Makhleb
Nemelex Xobeh
Okawaru
Ru
Sif Muna
Trog
Uskayaw
Vehumet
Xom
Yredelemnul
Zin
The Shining One


Innate Abilities, Weirdness & Mutations

You are too large for most types of armour.
You have claws for hands.
Your metabolism is lightning-fast.
You like to eat raw meat.
Your natural rate of healing is unusually fast.
You are covered in fur. (AC +1)
You have very tough skin. (AC +2)


Message History

The hog is heavily wounded.
The hog bites you. The human barely misses you. The hog barely misses you.
You barely miss the hog.
The hog is heavily wounded.
The hog bites you!
* * * LOW HITPOINT WARNING * * *
The hog completely misses you.
Unknown command.
You feel agile all of a sudden. The human hits you with a hand axe!
* * * LOW HITPOINT WARNING * * *
The hog barely misses you. The hog bites you!
* * * LOW HITPOINT WARNING * * *
Unknown command.
Okay, then.
Okay, then.
It was a potion of brilliance.
You feel clever all of a sudden. The hog closely misses you.
The human closely misses you. The hog bites you!
You die...

#######
+..hh@#
#...ph#
###'###
#.....#
#.....#
#######


You could see 3 hogs and a human.

Vanquished Creatures
  A hog (D:9)
  An orc warrior (D:6)
  4 ogres
  A phantom (D:7)
  Blork the orc (D:4)
  4 bullfrogs
  A scorpion (D:7)
  A wight (D:6)
  A howler monkey (D:6)
  5 crimson imps
  2 orc priests
  An orc wizard (D:7)
  4 hounds
  A jelly (D:6)
  2 worker ants
  7 adders
  5 worms
  2 dart slugs
  2 leopard geckos (D:1)
  5 orcs
  4 bats
  3 giant cockroaches
  5 goblins
  5 hobgoblins
  3 jackals (D:1)
  A quokka (D:2)
  A ball python (D:4)
  4 frilled lizards
  A giant cockroach zombie (D:6)
  3 kobolds
  A leopard gecko zombie (D:7)
  8 rats
90 creatures vanquished.

Notes
Turn   | Place    | Note
-------+----------+-------------------------------------------
     0 | D:1      | Rrauwl the Troll Monk began the quest for the Orb.
     0 | D:1      | Reached XP level 1. HP: 22/22 MP: 0/0
   206 | D:1      | Reached XP level 2. HP: 29/29 MP: 1/1
   556 | D:2      | Reached skill level 3 in Maces & Flails
   556 | D:2      | Reached XP level 3. HP: 31/36 MP: 2/2
  1043 | D:2      | Reached XP level 4. HP: 45/45 MP: 3/3
  1666 | D:4      | Reached skill level 4 in Maces & Flails
  1688 | D:4      | Noticed Blork the orc
  1697 | D:4      | Killed Blork the orc
  1697 | D:4      | Reached XP level 5. HP: 49/53 MP: 4/4
  1716 | D:4      | Found a glowing golden altar of the Shining One.
  2028 | D:4      | Reached skill level 5 in Maces & Flails
  2132 | D:5      | Entered Level 5 of the Dungeon
  2341 | D:5      | Reached XP level 6. HP: 59/61 MP: 5/5
  2643 | D:5      | Reached skill level 6 in Maces & Flails
  2764 | D:6      | Reached XP level 7. HP: 67/67 MP: 6/6
  2795 | D:6      | Reached skill level 7 in Maces & Flails
  2953 | D:6      | Found a shadowy altar of Dithmenos.
  2958 | D:6      | Found a bloodstained altar of Trog.
  3287 | D:7      | Reached skill level 8 in Maces & Flails
  3341 | D:7      | Reached XP level 8. HP: 74/75 MP: 7/7
  3382 | D:7      | Reached skill level 9 in Maces & Flails
  3421 | D:7      | Found a snail-covered altar of Cheibriados.
  3488 | D:7      | Found a staircase to the Ecumenical Temple.
  3500 | Temple   | Entered the Ecumenical Temple
  3535 | Temple   | Became a worshipper of Warmaster Okawaru
  3535 | Temple   | Reached * piety under Okawaru
  3535 | Temple   | Reached ** piety under Okawaru
  3725 | D:7      | Reached skill level 1 in Invocations
  3839 | D:7      | You fall through a shaft for 2 floors!
  3853 | D:9      | HP: 2/75 [hog (8)]
  3854 | D:9      | Mangled by a hog

Vault maps used:
D:1:      tarquinn_simple_flora_water_e, kennysheep_nondescript,
          minmay_misc_feat_nine_boxes, nrook_mini_vaults, minmay_surrounded
D:3:      minmay_tree_intersection
D:4:      old_standard_altar, first_bread, uniq_blork_the_orc
D:6:      grunt_temple_overflow_open
D:7:      cheibriados_altar_1, temple_hall
D:9:      kennysheep_mini, orc_0_dummy, grunt_livestock, uniq_maurice,
          uniq_pikel
Temple:   regret_index_temple_sphere_string

Skill      XL: |  1  2  3  4  5  6  7  8 |
---------------+-------------------------+-----
Maces & Flails | 3 4 5 6 8 9 |  9.7
Dodging        | 3 |  3.0
Fighting       | 3 |  3.0
Invocations    | 2 |  2.7
Stealth        | |  1.0

Action                   |  1- 3 |  4- 6 |  7- 9 || total
-------------------------+-------+-------+-------++-------
Melee: Mace              |    95 |       |       ||    95
       Whip              |    30 |    70 |   124 ||   224
  Use: Potion            |       |     2 |     2 ||     4
       Scroll            |       |     1 |       ||     1
 Stab: Sleeping          |     3 |     4 |       ||     7
  Eat: Chunk             |    15 |     9 |    17 ||    41
Armor: Robe              |    48 |    12 |    13 ||    73
Dodge: Dodged            |    87 |    32 |    68 ||   187
